 Dungeon Crawl Stone Soup version 0.28-a0-1555-g9ae15a6949 (webtiles) character file.

Game seed: 14177065347512971879

3692 buddhastalin the Nimble (level 10, -4/77 HPs)
             Began as a Gnoll Gladiator on Jan 19, 2022.
             Was an Initiate of Okawaru.
             Slain by a meliai (6 damage)
             ... on level 8 of the Dungeon.
             The game lasted 00:16:14 (7433 turns).

buddhastalin the Nimble (Gnoll Gladiator)           Turns: 7433, Time: 00:16:16

Health: -4/77      AC:  7    Str: 13    XL:     10   Next: 13%
Magic:  0/26       EV: 15    Int: 12    God:    Okawaru [......]
Gold:   334        SH:  0    Dex: 18    Spells: 19/19 levels left

rFire   . . .      SeeInvis .   a - +6 hand axe "Terchonk" {drain, *Corrode Will+ Dex+4}
rCold   . . .      Faith    .   (no shield)
rNeg    + . .      Spirit   +   q - +2 ring mail {rPois}
rPois   +          Reflect  .   c - +1 helmet
rElec   .          Harm     .   (no cloak)
rCorr   .          Rampage  .   (no gloves)
Will    +....                   o - +0 pair of boots
Stlth   ++........              n - amulet of guardian spirit
HPRegen 0.22/turn               g - ring of positive energy
MPRegen 0.20/turn               v - ring of magical power

@: corroded
A: fangs 1, strong nose, distributed training
a: Renounce Religion


You were on level 8 of the Dungeon.
You worshipped Okawaru.
Okawaru was noncommittal.
You visited 2 branches of the dungeon, and saw 9 of its levels.
You also visited: Sewer and Bailey.

You collected 334 gold pieces.

Inventory:

Hand Weapons
 a - the +6 hand axe "Terchonk" (weapon) {drain, *Corrode Will+ Dex+4}
   (You found it on level 4 of the Dungeon)

   A truly terrible weapon, it drains the life of any living foe it strikes.
   Dex:       It affects your dexterity (+4).
   *Corrode:  It may corrode you when you take damage.
   Will:      It increases your willpower.
 b - a +5 vorpal triple crossbow
 p - a +0 trident
 A - a +2 vorpal bardiche
Missiles
 d - 3 throwing nets (quivered)
 C - 26 bolts
Armour
 c - a +1 helmet (worn)
 o - a +0 pair of boots (worn)
 q - a +2 ring mail of poison resistance (worn)
 x - the +8 crystal plate armour of Articulation {rC+}
   (You acquired it in a bailey)

   rC:        It protects you from cold.
Jewellery
 g - a ring of positive energy (left hand)
 n - an amulet of guardian spirit (around neck)
 v - a ring of magical power (right hand)
 y - a ring of positive energy
Wands
 s - a wand of flame (11)
 t - a wand of charming (7)
Scrolls
 i - 2 scrolls of identify
 l - 5 scrolls of teleportation
 z - a scroll of fog
Potions
 e - 5 potions of curing
 f - 18 potions of degeneration
 h - a potion of might {unknown}
 j - a potion of ambrosia {unknown}
 k - 2 potions of heal wounds
 m - 2 potions of flight
 r - 2 potions of invisibility {unknown}
 u - a potion of haste {unknown}
 w - a potion of brilliance {unknown}
 B - a potion of lignification {unknown}


   Skills:
 + Level 6.8 Fighting
 + Level 5.0 Short Blades
 + Level 5.0 Long Blades
 + Level 5.0 Axes
 + Level 5.0 Maces & Flails
 + Level 8.3 Polearms
 + Level 5.0 Staves
 + Level 5.0 Slings
 + Level 5.0 Bows
 + Level 5.0 Crossbows
 + Level 6.8 Throwing
 + Level 5.0 Armour
 + Level 8.3 Dodging
 + Level 5.0 Stealth
 + Level 5.0 Shields
 + Level 5.0 Unarmed Combat
 + Level 5.0 Spellcasting
 + Level 4.1 Conjurations
 + Level 4.1 Hexes
 + Level 4.1 Summonings
 + Level 4.1 Necromancy
 + Level 4.1 Translocations
 + Level 4.1 Transmutations
 + Level 4.1 Fire Magic
 + Level 4.1 Ice Magic
 + Level 4.1 Air Magic
 + Level 4.1 Earth Magic
 + Level 4.1 Poison Magic
 + Level 5.4 Invocations
 + Level 5.0 Evocations


You had 19 spell levels left.
You didn't know any spells.
Your spell library contained the following spells:

 Spells                   Type           Power      Damage    Failure   Level
 Sublimation of Blood     Necr           12%        N/A       11%         2
 Wereblood                Tmut           12%        N/A       11%         2
 Dazzling Flash           Conj/Hex       24%        N/A       22%         3
 Agony                    Necr           12%        N/A       90%         5
 Silence                  Hex/Air        6%         N/A       90%         5
 Summon Hydra             Summ           Unusable   N/A       N/A         7

Dungeon Overview and Level Annotations

Branches:
Dungeon (8/15)             Temple (1/1) D:7           Sewer (visited)
 Bailey (visited)
   Lair: D:8-11

Altars:
Gozag
Kikubaaqudgha
Okawaru
Sif Muna
Uskayaw
Yredelemnul
The Shining One


Innate Abilities, Weirdness & Mutations

You have very sharp teeth.
Your uncanny sense of smell can sniff out nearby items.
Your experience applies equally to all skills.


Message History

Your Axes skill increases to level 5!
Your Maces & Flails skill increases to level 5!
Your Staves skill increases to level 5!
Your Slings skill increases to level 5!
Your Bows skill increases to level 5!
Your Crossbows skill increases to level 5!
Your Armour skill increases to level 5!
Your Stealth skill increases to level 5!
Your Shields skill increases to level 5!
Your Unarmed Combat skill increases to level 5!
Your Spellcasting skill increases to level 5!
Your Evocations skill increases to level 5!
You hit the meliai. You drain the meliai.
The meliai is almost dead.
The meliai misses you. The meliai barely misses you. x2
The meliai stings you but does no damage.
You closely miss the meliai.
The meliai is almost dead.
The meliai completely misses you. The meliai stings you.
Your corrosive artefact corrodes you!
The meliai hits you with a +0 hand axe.
* * * LOW HITPOINT WARNING * * *
The meliai completely misses you.
You closely miss the meliai.
The meliai is almost dead.
The meliai closely misses you. The meliai stings you.
* * * LOW HITPOINT WARNING * * *
The meliai calls down the wrath of its god upon you.
Something smites you!
* * * LOW HITPOINT WARNING * * *
You feel much better. The meliai closely misses you. The meliai stings you.
* * * LOW HITPOINT WARNING * * *
The meliai hits you with a +0 hand axe!
* * * LOW HITPOINT WARNING * * *
The meliai misses you.
You miss the meliai.
The meliai is almost dead.
The meliai calls down the wrath of its god upon you.
Something smites you!
* * * LOW HITPOINT WARNING * * *
The meliai hits you with a +0 hand axe.
You die...

## ≈# ≈≈ .##§≈#
≈≈#. ..#≈≈#
≈≈#. ∆∆ ..#§§
≈#.. ∆∆ ..#§≈.
≈ #..####..#≈≈.
≈§ #....†y##§≈.
≈≈§ #?.$@##≈§≈.
.§§8##''##8≈≈..
§≈§§.8..8.≈≈≈.#
.#≈≈≈..§§§≈≈.##
##≈≈≈.§§§≈+##
##≈§§§≈≈#.#
##§§≈§...#
#######.# ...


You could see a meliai (drained).

Vanquished Creatures
  An orc knight (Bailey)
  A hornet (D:8)
  Sigmund (D:4)
  A steam dragon (D:7)
  A water moccasin (D:7)
  Pargi (Sewer)
  8 orc warriors (Bailey)
  A hornet zombie (D:6)
  3 necrophages
  2 centaurs
  A phantom (D:6)
  A kobold brigand (D:7)
  2 bullfrogs
  3 scorpions
  A water moccasin skeleton (D:6)
  2 howler monkeys (D:7)
  A bullfrog zombie (D:6)
  A centaur zombie (D:4)
  2 hounds
  3 centaur skeletons
  2 bullfrog skeletons
  2 orc priests (D:6)
  A scorpion zombie (D:4)
  2 iguanas
  3 orc wizards (D:6)
  A hound skeleton (D:5)
  12 adders
  3 gnolls (D:7)
  A howler monkey skeleton (D:5)
  An ufetubus (D:5)
  A worm (D:2)
  2 dart slugs
  23 orcs
  6 bats
  A bat zombie (D:4)
  6 endoplasms
  5 giant cockroaches
  8 goblins
  11 hobgoblins
  A jackal (Sewer)
  10 kobolds
  A quokka (D:2)
  3 ball pythons
  5 frilled lizards
  3 rats
  A rat zombie (D:4)
152 creatures vanquished.

Notes
Turn   | Place    | Note
-------+----------+-------------------------------------------
     0 | D:1      | buddhastalin the Gnoll Gladiator began the quest for the
                  | Orb.
     0 | D:1      | Reached XP level 1. HP: 20/20 MP: 1/1
   222 | D:1      | Reached XP level 2. HP: 23/26 MP: 2/2
   520 | D:1      | Found a faded altar of an unknown god.
   936 | D:2      | Reached XP level 3. HP: 31/31 MP: 3/3
  1000 | D:2      | Reached skill level 1 in Invocations
  1165 | D:2      | Reached skill level 1 in Short Blades
  1165 | D:2      | Reached skill level 1 in Long Blades
  1165 | D:2      | Reached skill level 1 in Axes
  1165 | D:2      | Reached skill level 1 in Maces & Flails
  1165 | D:2      | Reached skill level 1 in Staves
  1165 | D:2      | Reached skill level 1 in Slings
  1165 | D:2      | Reached skill level 1 in Bows
  1165 | D:2      | Reached skill level 1 in Crossbows
  1165 | D:2      | Reached skill level 1 in Armour
  1165 | D:2      | Reached skill level 1 in Stealth
  1165 | D:2      | Reached skill level 1 in Shields
  1165 | D:2      | Reached skill level 1 in Unarmed Combat
  1165 | D:2      | Reached skill level 1 in Spellcasting
  1165 | D:2      | Reached skill level 1 in Evocations
  1436 | D:2      | Reached XP level 4. HP: 38/38 MP: 5/5
  2582 | D:4      | Reached skill level 1 in Conjurations
  2582 | D:4      | Reached skill level 1 in Hexes
  2582 | D:4      | Reached skill level 1 in Summonings
  2582 | D:4      | Reached skill level 1 in Necromancy
  2582 | D:4      | Reached skill level 1 in Translocations
  2582 | D:4      | Reached skill level 1 in Transmutations
  2582 | D:4      | Reached skill level 1 in Fire Magic
  2582 | D:4      | Reached skill level 1 in Ice Magic
  2582 | D:4      | Reached skill level 1 in Air Magic
  2582 | D:4      | Reached skill level 1 in Earth Magic
  2582 | D:4      | Reached skill level 1 in Poison Magic
  2654 | D:4      | Identified the +6 hand axe "Terchonk" {drain, *Corrode
                  | Will+ Dex+4}
  2801 | D:4      | Reached XP level 5. HP: 43/43 MP: 5/7
  2961 | D:4      | Noticed Sigmund
  2968 | D:4      | Killed Sigmund
  2969 | D:4      | Reached XP level 6. HP: 50/50 MP: 8/8
  3060 | D:4      | Reached skill level 5 in Fighting
  3060 | D:4      | Reached skill level 5 in Throwing
  3232 | D:4      | Found an ancient bone altar of Kikubaaqudgha.
  3489 | D:5      | Entered Level 5 of the Dungeon
  3574 | D:5      | Reached XP level 7. HP: 56/56 MP: 10/10
  4299 | D:6      | Reached XP level 8. HP: 37/63 MP: 11/12
  4594 | D:6      | Found a glowing drain.
  4613 | Sewer    | Entered a sewer
  4662 | Sewer    | Noticed Pargi
  4673 | Sewer    | Killed Pargi
  4846 | D:6      | Found a glowing golden altar of the Shining One.
  4858 | D:6      | Found a basalt altar of Yredelemnul.
  5203 | D:6      | Noticed an angel
  5243 | D:7      | Found a staircase to the Ecumenical Temple.
  5405 | D:7      | Reached XP level 9. HP: 67/69 MP: 14/14
  5440 | D:7      | Found a flagged portal.
  5453 | Bailey   | Entered a bailey
  6276 | Bailey   | Noticed an orc knight
  6298 | Bailey   | Killed an orc knight
  6299 | Bailey   | Reached skill level 5 in Invocations
  6562 | Bailey   | Acquired the +8 crystal plate armour of Articulation {rC+}
  6921 | D:7      | Reached XP level 10. HP: 76/77 MP: 17/17
  6947 | Temple   | Entered the Ecumenical Temple
  7007 | Temple   | Became a worshipper of Warmaster Okawaru
  7413 | D:8      | Paralysed by a hornet for 2 turns
  7429 | D:8      | Reached skill level 5 in Short Blades
  7429 | D:8      | Reached skill level 5 in Long Blades
  7429 | D:8      | Reached skill level 5 in Axes
  7429 | D:8      | Reached skill level 5 in Maces & Flails
  7429 | D:8      | Reached skill level 5 in Staves
  7429 | D:8      | Reached skill level 5 in Slings
  7429 | D:8      | Reached skill level 5 in Bows
  7429 | D:8      | Reached skill level 5 in Crossbows
  7429 | D:8      | Reached skill level 5 in Armour
  7429 | D:8      | Reached skill level 5 in Stealth
  7429 | D:8      | Reached skill level 5 in Shields
  7429 | D:8      | Reached skill level 5 in Unarmed Combat
  7429 | D:8      | Reached skill level 5 in Spellcasting
  7429 | D:8      | Reached skill level 5 in Evocations
  7433 | D:8      | HP: 2/77 [meliai/divine providence (14)]
  7433 | D:8      | Slain by a meliai

Illustrated notes

Levels and vault maps discovered:
D:1:      elethiomel_arrival_shortcut, layout_rooms,
          chequers_ecumenical_altar_simple
D:2:      layout_basic, chequers_arboretum, moated_statue
D:3:      layout_loops_ring
D:4:      layout_loops_ring, lemuel_zombie_altar_kikubaaqudgha,
          minmay_goblin_outpost, uniq_sigmund
D:5:      layout_rooms, supply_closet_lemuel
D:6:      layout_gridville, grunt_temple_overflow_holy_war,
          gup_sewer_entry_glass
D:7:      layout_loops_cross, minmay_temple_entry_statues_fountains,
          enter_bailey_7
D:8:      layout_loops_corners, slow_altar_2, mainiacjoe_overflow_tiny_flanked,
          gammafunk_temple_overflow_pools, serial_shops, shop,
          kennysheep_island_fort
Temple:   minmay_temple_forest_path

Skill      XL: |  1  2  3  4  5  6  7  8  9 10 |
---------------+-------------------------------+-----
Invocations    | 1 2 3 4 5 |  5.4
Short Blades   | 1 2 3 4 5 |  5.0
Long Blades    | 1 2 3 4 5 |  5.0
Axes           | 1 2 3 4 5 |  5.0
Maces & Flails | 1 2 3 4 5 |  5.0
Staves         | 1 2 3 4 5 |  5.0
Slings         | 1 2 3 4 5 |  5.0
Bows           | 1 2 3 4 5 |  5.0
Crossbows      | 1 2 3 4 5 |  5.0
Armour         | 1 2 3 4 5 |  5.0
Stealth        | 1 2 3 4 5 |  5.0
Shields        | 1 2 3 4 5 |  5.0
Unarmed Combat | 1 2 3 4 5 |  5.0
Spellcasting   | 1 2 3 4 5 |  5.0
Evocations     | 1 2 3 4 5 |  5.0
Conjurations   | 1 2 3 4 |  4.1
Hexes          | 1 2 3 4 |  4.1
Summonings     | 1 2 3 4 |  4.1
Necromancy     | 1 2 3 4 |  4.1
Translocations | 1 2 3 4 |  4.1
Transmutations | 1 2 3 4 |  4.1
Fire Magic     | 1 2 3 4 |  4.1
Ice Magic      | 1 2 3 4 |  4.1
Air Magic      | 1 2 3 4 |  4.1
Earth Magic    | 1 2 3 4 |  4.1
Poison Magic   | 1 2 3 4 |  4.1
Fighting       | 5 6 |  6.8
Throwing       | 5 6 |  6.8
Polearms       | 7 8 |  8.3
Dodging        | 7 8 |  8.3

Action                   |  1- 3 |  4- 6 |  7- 9 | 10-12 || total
-------------------------+-------+-------+-------+-------++-------
Melee: Trident           |   118 |    57 |       |       ||   175
       Bite              |     9 |    16 |    32 |     6 ||    63
       Punch             |     2 |       |     6 |     1 ||     9
       Hand axe          |       |    67 |   238 |    26 ||   331
Evoke: Wand              |       |       |    12 |       ||    12
  Use: Scroll            |       |       |    11 |       ||    11
       Potion            |       |       |       |     2 ||     2
 Stab: Sleeping          |     2 |     3 |     4 |       ||     9
       Distracted        |     2 |       |       |       ||     2
Armor: Leather armour    |    25 |     9 |       |       ||    34
       Ring mail         |       |    29 |   110 |    16 ||   155
Dodge: Dodged            |    67 |    92 |   215 |    51 ||   425

Table legend: (Time is in decaauts)
 A = Elapsed time spent in this place.
 B = Non-inter-level travel time spent in this place.
 C = Inter-level travel time spent in this place.
 D = Time resting spent in this place.
 E = Time spent auto-exploring this place.
 F = Levels seen in this place.
 G = Mean time per level.
                   A        B        C        D        E       F      G
               +--------+--------+--------+--------+--------+-----+--------+
         Total |   7545 |   7335 |    210 |   1656 |   3912 |  11 |  685.9 |
       Dungeon |   6121 |   5959 |    162 |    844 |   3782 |   8 |  765.1 |
        Temple |    109 |     61 |     48 |      0 |     48 |   1 |  109.0 |
         Sewer |    123 |    123 |      0 |      0 |     82 |   1 |  123.0 |
        Bailey |   1190 |   1190 |      0 |    812 |      0 |   1 | 1190.0 |
               +--------+--------+--------+--------+--------+-----+--------+

Top non-repeatable levels by time:
     D:2: 1236 daAuts
  Bailey: 1190 daAuts
     D:6: 1137 daAuts
     D:7: 960 daAuts
     D:4: 948 daAuts
     D:1: 721 daAuts
     D:3: 589 daAuts
     D:5: 500 daAuts
   Sewer: 123 daAuts
  Temple: 109 daAuts
     D:8: 27 daAuts
